 Dungeon Crawl Stone Soup version 0.19.1 (webtiles) character file.

4599 CanadianGator the Cruncher (level 10, 0/88 (89) HPs)
             Began as a Minotaur Gladiator on Nov 28, 2016.
             Was a Follower of Trog.
             Slain by a hornet (8 damage)
             ... on level 8 of the Dungeon.
             The game lasted 00:16:31 (6690 turns).

CanadianGator the Cruncher (Minotaur Gladiator)     Turns: 6690, Time: 00:16:31

HP:   0/88 (89)     AC: 14    Str: 24    XL:     10   Next: 19%
MP:   8/8           EV: 12    Int:  5    God:    Trog [*.....]
Gold: 353           SH:  0    Dex: 12    Spells: 0 memorised, 9 levels left

rFire  + . .     SeeInvis .     a - +0 quarterstaff
rCold  + . .     Gourm    .     z - +1 chain mail {rF+}
rNeg   . . .     Faith    +     (shield currently unavailable)
rPois  +         Spirit   .     (helmet restricted)
rElec  .         Reflect  .     p - +1 cloak (curse)
rCorr  .         Harm     .     (no gloves)
MR     .....     Rnd*Rage +     (no boots)
Stlth  ..........               y - amulet of faith
                                B - +2 ring of dexterity
                                G - ring of protection from cold

@: lethally poisoned (0 -> 0), exhausted, slowed, very slow
A: retaliatory headbutt, horns 2, berserk 1, low mp 1, poison resistance, no
device heal 1, subdued magic 2
a: Berserk, Burn Spellbooks, Renounce Religion


You were on level 8 of the Dungeon.
You worshipped Trog.
Trog was aware of your devotion.
You were hungry.

You visited 2 branches of the dungeon, and saw 9 of its levels.

You collected 353 gold pieces.

Inventory:

Hand Weapons
 a - a +0 quarterstaff (weapon)
Missiles
 d - 3 throwing nets (quivered)
Armour
 p - a cursed +1 cloak (worn)
 z - a +1 chain mail of fire resistance (worn)
 L - a +0 plate armour
Jewellery
 x - an uncursed ring of positive energy
 y - an amulet of faith (around neck)
 B - a +2 ring of dexterity (right hand)
 C - a +5 amulet of reflection
 E - an uncursed ring of protection from magic
 G - a ring of protection from cold (left hand)
Wands
 j - a wand of acid (6/15)
 s - a wand of iceblast (6/15)
 H - a wand of iceblast (8/15)
Scrolls
 c - 2 scrolls of enchant armour
 e - 2 scrolls of magic mapping
 g - a scroll of blinking {unknown}
 h - 4 scrolls of remove curse
 i - a scroll of recharging {unknown}
 l - 5 scrolls of teleportation
 r - 2 scrolls of immolation
 v - 2 scrolls of fog
 D - a scroll of amnesia {unknown}
 J - a scroll of torment {unknown}
Potions
 b - a potion of cure mutation {unknown}
 k - 3 potions of might
 m - a potion of ambrosia
 n - 2 potions of haste
 q - a potion of heal wounds {unknown}
 t - a potion of lignification {unknown}
 F - a potion of cancellation {unknown}
 I - a potion of agility {unknown}
 K - a potion of flight {unknown}
Comestibles
 f - 10 bread rations
 o - 3 fruits
 u - 3 meat rations
 w - 4 chunks of flesh
 A - a beef jerky


   Skills:
 + Level 8.3 Fighting
 * Level 11.6 Staves
 - Level 2.0 Throwing
 + Level 7.7 Armour
 + Level 8.3 Dodging


You had 9 spell levels left.
You didn't know any spells.

Dungeon Overview and Level Annotations

Branches:
Dungeon (8/15)             Temple (1/1) D:7
   Lair: D:8-11

Altars:
Ashenzari
Cheibriados
Dithmenos
Elyvilon
Fedhas
Gozag
Hepliaklqana
Kikubaaqudgha
Makhleb
Nemelex Xobeh
Okawaru
Qazlal
Ru
Sif Muna
Trog
Uskayaw
Vehumet
Xom
Zin
The Shining One

Annotations:
D:7 4 runed doors


Innate Abilities, Weirdness & Mutations

You reflexively headbutt those who attack you in melee.
You have a pair of horns on your head.
You tend to lose your temper in combat.
Your magical capacity is low. (-10% MP)
Your system is resistant to poisons. (rPois)
Potions and wands are less effective at restoring your health.
Your spells are easier to cast, but less powerful.


Message History

You feel invigorated.
The hornet stings you but does no damage.
The hornet stings you!
* * * LOW HITPOINT WARNING * * *
Some of the chunks of flesh in your inventory have rotted away.
You closely miss the hornet. You headbutt the hornet.
The hornet is moderately wounded.
You are feeling hungry.
The hornet stings you but does no damage.
The hornet misses you.
You feel less invigorated.
You feel less confused.
You feel sick. The hornet stings you.
* * * LOW HITPOINT WARNING * * *
The hornet barely misses you. You furiously retaliate!
You headbutt the hornet. You hit the hornet.
You headbutt the hornet, but do no damage.
The hornet is heavily wounded.
The hornet stings you!
You die...

###### ** #########
#....#####** *, ........#
#....#.#.#,**** *, ........#
#...@##%#.#+,,* *, ........#
#....y.#.#)#,,* *,
........#####....##.#.##****
*, .....>†..........#*####
*,*****, ##....########'#..#
*,,,,,,, #....# #.##.#
*******, #....# ##.##.# *,
####.# #.....# *, #.#
#.....# *,


You could see a hornet.

Vanquished Creatures
  Prince Ribbit (D:5)
  3 hornets (D:8)
  Eustachio (D:6)
  A hungry ghost (D:6)
  An orc warrior (D:8)
  2 sky beasts (D:8)
  3 ice beasts
  A black bear (D:8)
  A hornet zombie (D:8)
  An eye of draining (D:8)
  4 ogres
  2 necrophages
  5 centaurs
  5 bullfrogs
  2 scorpions (D:8)
  An electric eel (D:6)
  4 howler monkeys
  A crimson imp (D:6)
  A bullfrog zombie (D:7)
  6 hounds
  A jelly (D:7)
  5 orc priests
  A centaur skeleton (D:7)
  An iguana (D:4)
  10 orc wizards
  3 worker ants
  A hound skeleton (D:6)
  A worker ant zombie (D:5)
  4 gnolls (D:5)
  8 adders
  2 shadow imps
  3 oozes
  4 worms
  A dart slug (D:1)
  3 leopard geckos
  32 orcs
  8 bats
  9 giant cockroaches
  6 hobgoblins
  14 jackals
  13 kobolds
  5 quokkas
  4 frilled lizards
  9 goblins
  A quokka zombie (D:5)
  6 rats
201 creatures vanquished.

Vanquished Creatures (others)
  A centaur (D:7)
1 creature vanquished.

Grand Total: 202 creatures vanquished

Notes
Turn   | Place    | Note
-------+----------+-------------------------------------------
     0 | D:1      | CanadianGator the Minotaur Gladiator began the quest for the Orb.
     0 | D:1      | Reached XP level 1. HP: 18/18 MP: 0/0
    58 | D:1      | Reached XP level 2. HP: 21/25 MP: 1/1
   158 | D:1      | Reached skill level 1 in Armour
   388 | D:1      | Reached skill level 4 in Staves
   692 | D:2      | Reached XP level 3. HP: 30/30 MP: 2/2
  1125 | D:2      | Reached XP level 4. HP: 37/37 MP: 3/3
  1376 | D:2      | Found a radiant altar of Vehumet.
  1843 | D:3      | Reached XP level 5. HP: 10/45 MP: 4/4
  2318 | D:4      | Noticed a centaur
  2322 | D:4      | Reached skill level 5 in Staves
  2326 | D:4      | Killed a centaur
  2378 | D:4      | Reached XP level 6. HP: 35/52 MP: 5/5
  2449 | D:4      | Reached skill level 6 in Staves
  2449 | D:4      | Reached skill level 5 in Dodging
  2788 | D:4      | Reached XP level 7. HP: 54/60 MP: 6/6
  2949 | D:5      | Entered Level 5 of the Dungeon
  3263 | D:5      | Noticed Prince Ribbit
  3426 | D:5      | Killed Prince Ribbit
  3426 | D:5      | Reached skill level 5 in Fighting
  3426 | D:5      | Reached skill level 7 in Staves
  3862 | D:6      | Reached XP level 8. HP: 69/69 MP: 7/7
  3922 | D:6      | Reached skill level 8 in Staves
  3935 | D:6      | Found a deep blue altar of Sif Muna.
  3936 | D:6      | Noticed Eustachio
  3939 | D:6      | Found a snail-covered altar of Cheibriados.
  3950 | D:6      | Killed Eustachio
  3950 | D:6      | Reached skill level 5 in Armour
  3956 | D:6      | Found a burning altar of Makhleb.
  4313 | D:6      | Reached skill level 9 in Staves
  4535 | D:7      | Reached XP level 9. HP: 67/78 MP: 8/8
  4578 | D:7      | Found a huge runed gate.
  4579 | D:7      | Found a huge runed gate.
  4579 | D:7      | Found a huge runed gate.
  4580 | D:7      | Noticed a polar bear
  4580 | D:7      | Noticed a manticore
  4581 | D:7      | Noticed a death yak
  4581 | D:7      | Noticed a polar bear
  4581 | D:7      | Noticed a polar bear
  4581 | D:7      | Noticed a polar bear
  4586 | D:7      | Found a huge runed gate.
  4586 | D:7      | Noticed a polar bear
  4614 | D:7      | Found a staircase to the Ecumenical Temple.
  4637 | Temple   | Entered the Ecumenical Temple
  4821 | Temple   | Became a worshipper of Trog the Wrathful
  5115 | D:7      | Reached skill level 10 in Staves
  5590 | D:8      | Gained mutation: Potions and wands are less effective at restoring your health. [mutagenic meat]
  5591 | D:8      | Gained mutation: You tend to lose your temper in combat. [mutagenic meat]
  5592 | D:8      | Gained mutation: Your spells are a little easier to cast, but a little less powerful. [mutagenic meat]
  5593 | D:8      | Gained mutation: Your spells are easier to cast, but less powerful. [mutagenic meat]
  6054 | D:8      | Reached * piety under Trog
  6075 | D:8      | Reached skill level 11 in Staves
  6080 | D:8      | Gained mutation: Your system is resistant to poisons. (rPois) [mutagenic meat]
  6081 | D:8      | Gained mutation: Your magical capacity is low. (-10% MP) [mutagenic meat]
  6576 | D:8      | Reached XP level 10. HP: 69/87 MP: 0/8
  6674 | D:8      | Paralysed by a hornet for 2 turns
  6687 | D:8      | HP: 2/88 [hornet (7)]
  6690 | D:8      | Slain by a hornet

Skill      XL: |  1  2  3  4  5  6  7  8  9 |
---------------+----------------------------+-----
Armour         | 1 2 3 4 5 7 |  7.7
Staves         | 4 5 6 7 9 11 | 11.6
Dodging        | 4 5 7 8 |  8.3
Fighting       | 3 4 5 6 8 |  8.3
Throwing       | |  2.0

Action                   |  1- 3 |  4- 6 |  7- 9 | 10-12 || total
-------------------------+-------+-------+-------+-------++-------
Melee: Quarterstaff      |    71 |   153 |   339 |    19 ||   582
       Headbutt          |     9 |    29 |    60 |     4 ||   102
Invok: Burn Spellbooks   |       |       |     2 |       ||     2
       Berserk           |       |       |       |     1 ||     1
  Use: Scroll            |       |       |    13 |       ||    13
       Potion            |       |       |     1 |     1 ||     2
  Eat: Chunk             |       |     5 |    14 |     1 ||    20
       Meat ration       |       |       |     2 |       ||     2
Armor: Leather armour    |    20 |     2 |       |       ||    22
       Ring mail         |       |    39 |       |       ||    39
       Chain mail        |       |    32 |   113 |    12 ||   157
Dodge: Dodged            |    48 |    99 |   148 |    19 ||   314
Block: Other             |       |     3 |    62 |       ||    65
       Reflection        |       |       |     6 |       ||     6
